 Dungeon Crawl Stone Soup version 0.32-a0-732-ga344392067 (webtiles) character file.

Game seed: 1460208542488202004

112 Goblin1989 the Sneak (level 4, -2/35 HPs)
             Began as a Demonspawn Delver on Mar 17, 2024.
             Slain by Grinder (6 damage)
             ... on level 3 of the Dungeon.
             The game lasted 00:04:29 (1881 turns).

Goblin1989 the Sneak (Demonspawn Delver)            Turns: 1881, Time: 00:04:29

Health: -2/35      AC:  6    Str: 14    XL:     4   Next: 63%
Magic:  4/4        EV:  6    Int: 11    God:
Gold:   157        SH:  7    Dex: 14    Spells: 3/3 levels left

rFire   . . .        s - +0 whip
rCold   . . .        m - +0 kite shield
rNeg    . . .        i - +0 scale mail
rPois   .            (no helmet)
rElec   .            (no cloak)
rCorr   .            (no gloves)
SInv    .            (no boots)
Will    .....        (no amulet)
Stlth   ++           (no ring)
HPRegen 0.25/turn    (no ring)
MPRegen 0.09/turn

%: no passive effects
@: attractive, wreathed by umbra
A: demonic touch 1, foul shadow 1
a: no special abilities


You were on level 3 of the Dungeon.
You visited 1 branch of the dungeon, and saw 5 of its levels.

You collected 157 gold pieces.

Inventory:

Hand Weapons
 a - a +0 mace
 s - a +0 whip (weapon)
Missiles
 u - 2 poisoned darts (quivered)
 v - 5 boomerangs {@Q3}
Armour
 b - a +0 leather armour
 i - a +0 scale mail (worn)
 m - a +0 kite shield (worn)
Wands
 g - a wand of digging (3) {@v3}
Scrolls
 c - 2 scrolls of fog
 d - 2 scrolls of revelation
 h - a scroll of enchant armour {unknown}
 j - 2 scrolls of identify {unknown}
 l - a scroll of teleportation {unknown}
 n - 2 scrolls of immolation {unknown}
 o - a scroll of noise {unknown}
 p - a scroll of silence {unknown}
 q - a scroll of summoning {unknown}
 w - a scroll of torment {unknown}
Potions
 f - a potion of haste {@q3,}


   Skills:
 + Level 3.5 Fighting
 * Level 3.1 Maces & Flails
 + Level 0.0 Throwing
 + Level 1.4 Armour
 + Level 2.2 Dodging
 - Level 4.5 Stealth
 + Level 1.0 Shields


You had 3 spell levels left.
You didn't know any spells.
Your spell library contained the following spells:

 Spells                   Type           Power      Damage    Failure   Level
 Slow                     Hex            0%         N/A       99%         1
 Confusing Touch          Hex            0%         N/A       100%        3
 Vampiric Draining        Necr           0%         2d6       100%        3


Dungeon Overview and Level Annotations

Branches:
Dungeon (5/15) Zot: 25123  Temple (0/1) D:4

Altars:

Shops:
D:2 :

Annotations:
D:3 Grinder
D:5 Edmund


Innate Abilities, Weirdness & Mutations

Your touch may inflict minor irresistible damage on your foes.
You are faintly shadowed, very rarely releasing foul flame when damaged in melee.


Message History

You can move again.
Unknown command.
Grinder blinks!
Things that are here:
a +0 dagger of holy wrath; a kobold corpse You start waiting.
Grinder is nearby!
Grinder barely misses you.
You hit Grinder.
Grinder is lightly wounded.
Grinder hits you!
You writhe in agony.
You take 13 damage, and have 22/35 hp.
MASSIVE DAMAGE!!
You hit Grinder.
Grinder is lightly wounded.
You block Grinder's attack.
You hit Grinder.
Grinder is lightly wounded.
Grinder hits you.
You writhe in agony.
Grinder says, "Just stop there for a second..."
You block Grinder's attack.
You take 2 damage, and have 21/35 hp.
You closely miss Grinder.
Grinder is lightly wounded.
Grinder barely misses you.
You barely miss Grinder.
Grinder is lightly wounded.
Grinder barely misses you.
It was a potion of attraction.
You feel attractive to monsters. Grinder hits you.
You writhe in agony.
* * * LOW HITPOINT WARNING * * *
You take 6 damage, and have 15/35 hp.
It was a potion of curing.
You feel better. Grinder hits you but does no damage.
You regained 7 hp, and now have 22/35 hp.
It was a potion of heal wounds.
You feel much better. Grinder gestures at you.
You resist with significant effort.
Health restored: 35 It was a potion of magic.
Magic courses through your body. You block Grinder's attack.
You hit Grinder.
Grinder is moderately wounded.
Grinder hits you.
Grinder resists.
Grinder is seared by the foul flame within you.
Grinder is moderately wounded.
You take 2 damage, and have 33/35 hp.
You hit Grinder but do no damage.
Grinder is moderately wounded.
You block Grinder's attack.
You hit Grinder.
Grinder is heavily wounded.
Grinder says, "You look like you could use a good racking."
Grinder hits you.
You take 3 damage, and have 30/35 hp.
You hit Grinder but do no damage.
Grinder is heavily wounded.
Grinder gestures at you. Pain shoots through your body!
You take 8 damage, and have 22/35 hp.
MASSIVE DAMAGE!!
You barely miss Grinder.
Grinder is heavily wounded.
You block Grinder's attack. Grinder hits you but does no damage.
You hit Grinder.
Grinder is heavily wounded.
Grinder barely misses you.
You hit Grinder.
Grinder is heavily wounded.
Grinder hits you but does no damage.
You hit Grinder.
Grinder is heavily wounded.
Grinder hits you.
You writhe in agony.
You take 3 damage, and have 19/35 hp.
You completely miss Grinder.
Grinder is heavily wounded.
Grinder says, "Wait up."
Grinder closely misses you.
You closely miss Grinder.
Grinder is heavily wounded.
Grinder hits you but does no damage.
You barely miss Grinder.
Grinder is heavily wounded.
Grinder hits you but does no damage. You block Grinder's attack.
You hit Grinder.
Grinder is severely wounded.
Grinder hits you!
* * * LOW HITPOINT WARNING * * *
You writhe in agony.
* * * LOW HITPOINT WARNING * * *
Grinder resists.
Grinder is seared by the foul flame within you.
Grinder is severely wounded.
You take 10 damage, and have 10/35 hp.
MASSIVE DAMAGE!!
You barely miss Grinder.
Grinder is severely wounded.
Grinder hits you.
* * * LOW HITPOINT WARNING * * *
You writhe in agony.
You die...
Grinder says, "Now the real fun starts!" ████████ .......█ .......█ ..†.(..█ ███████

..<†...█
█.....█
.......█
██████.███.█
.......█
█......█ █.█
......██
█.████████.█
▲██.█.█ █.█
█.@...█
█.█.█ █.█


█5█████ █.█.█ █.█ █.█ █.█.█ █.█ █.█ █.█.█ █.█ █.█ █.█.████.█ █.█ █.█......██ █.█
▲........>█ █)█ █.█..█<.█.█ █.█ You could see Grinder.

Vanquished Creatures
  Jessica (D:2)
  5 adders (D:2)
  A dart slug (D:2)
  3 ball pythons
  3 bats
  2 endoplasms
  2 giant cockroaches
  3 hobgoblins
  6 jackals
  2 quokkas
  A frilled lizard (D:2)
  A goblin (D:1)
  5 kobolds
  6 rats
41 creatures vanquished.

Notes
Turn   | Place    | Note
-------+----------+-------------------------------------------
     0 | D:5      | Goblin1989 the Demonspawn Delver began the quest for the
                  | Orb.
     0 | D:5      | Reached XP level 1. HP: 18/18 MP: 1/1
    30 | D:5      | Noticed Edmund
    43 | D:4      | Found a staircase to the Ecumenical Temple.
   355 | D:1      | Gained mutation: Your touch may inflict minor irresistible
                  | damage on your foes. [demonic ancestry]
   355 | D:1      | Reached XP level 2. HP: 24/24 MP: 2/2
  1083 | D:2      | Reached XP level 3. HP: 27/29 MP: 3/3
  1091 | D:2      | Reached skill level 1 in Armour
  1186 | D:2      | Noticed Jessica
  1256 | D:2      | Killed Jessica
  1257 | D:2      | Gained mutation: You are faintly shadowed, very rarely
                  | releasing foul flame when damaged in melee. [demonic
                  | ancestry]
  1257 | D:2      | Reached XP level 4. HP: 18/35 MP: 4/4
  1358 | D:2      | Reached skill level 1 in Shields
  1518 | D:2      | Found Faogry's Book Emporium.
  1836 | D:3      | Noticed Grinder
  1836 | D:3      | Paralysed by Grinder for 4 turns
  1881 | D:3      | Slain by Grinder

Illustrated notes

Levels and vault maps discovered:
D:1:      dpeg_arrival_simpleton_a, layout_basic
D:2:      layout_rooms, serial_shops, nicolae_shop_hallway_plus, uniq_jessica
D:3:      layout_basic, st_stairs_14, uniq_grinder
D:4:      layout_loops_ring, temple_pool_b, nicolae_zig_zag_zippers,
          uniq_blork_the_orc, uniq_sigmund
D:5:      layout_loops_corners, general_overflow_altar,
          nicolae_qazlal_scattered_showers, chequers_arboretum,
          corexii_item_surrounded_by_moat, nicolae_shop_i_like_big_books,
          uniq_edmund

Skill      XL: |  1  2  3  4 |
---------------+-------------+-----
Maces & Flails | 2 3 |  3.1
Armour         | 1 |  1.4
Dodging        | 2 |  2.2
Shields        | 1 |  1.0
Fighting       | |  3.5
Stealth        | |  4.5

Action                     |  1- 3 |  4- 6 || total
---------------------------+-------+-------++-------
  Melee: Mace              |    93 |    21 ||   114
         Touch             |     4 |       ||     4
         Whip              |       |    49 ||    49
    Use: Scroll            |     1 |       ||     1
         Potion            |       |     4 ||     4
   Stab: Sleeping          |     2 |     1 ||     3
 Armour: Scale mail        |    97 |    49 ||   146
         Leather armour    |     3 |       ||     3
  Dodge: Dodged            |    42 |    30 ||    72
  Block: Kite shield       |    33 |    28 ||    61

Table legend: (Time is in decaauts)
 A = Elapsed time spent in this place.
 B = Non-inter-level travel time spent in this place.
 C = Inter-level travel time spent in this place.
 D = Time resting spent in this place.
 E = Time spent auto-exploring this place.
 F = Levels seen in this place.
 G = Mean time per level.
                   A        B        C        D        E       F      G
               +--------+--------+--------+--------+--------+-----+--------+
         Total |   1935 |   1853 |     82 |     46 |   1334 |   5 |  387.0 |
       Dungeon |   1935 |   1853 |     82 |     46 |   1334 |   5 |  387.0 |
               +--------+--------+--------+--------+--------+-----+--------+

Top non-repeatable levels by time:
     D:1: 1054 daAuts
     D:2: 679 daAuts
     D:3: 157 daAuts
     D:5: 40 daAuts
     D:4: 4 daAuts
